 Dungeon Crawl Stone Soup version 0.16.2-12-gd0ad4c3 (webtiles) character file.

33518 faibistes the Thaumaturge (level 13, -4/70 HPs)
             Began as a Deep Elf Wizard on Oct 1, 2018.
             Was the Champion of Sif Muna.
             Killed from afar by a fire dragon (51 damage)
             ... with a blast of flame
             ... on level 5 of the Lair of Beasts.
             The game lasted 01:09:16 (21992 turns).

faibistes the Thaumaturge (Deep Elf Wizard)        Turns: 21992, Time: 01:09:16

Health: -4/70      AC:  9    Str:  4    XL:     13   Next: 37%
Magic:  10/36      EV: 16    Int: 29    God:    Sif Muna [******]
Gold:   282        SH:  0    Dex: 13    Spells: 9 memorised, 9 levels left

rFire  . . .     SeeInvis .     w - +2 dagger (venom)
rCold  . . .     Clarity  .     f - +2 robe {Archmagi}
rNeg   . . .     SustAb   .     (no shield)
rPois  +         Gourm    .     b - +1 hat
rElec  .         Spirit   .     A - +1 cloak
rCorr  .         Warding  .     (no gloves)
rMut   .         Stasis   .     R - +1 pair of boots
MR     +....                    (no amulet)
Stlth  +++.......               P - ring of stealth
                                H - ring of poison resistance

@: repel missiles, somewhat resistant to hostile enchantments, fairly stealthy
A: no striking features
a: Channel Energy, Forget Spell, Renounce Religion


You were on level 5 of the Lair of Beasts.
You worshipped Sif Muna.
Sif Muna was exalted by your worship.
You were hungry.

You visited 3 branches of the dungeon, and saw 20 of its levels.

You collected 696 gold pieces.
You spent 414 gold pieces at shops.

Inventory:

Hand weapons
 q - a +1 dagger
 w - a +2 dagger of venom (weapon)
Armour
 b - a +1 hat (worn)
 f - a +2 robe of the Archmagi (worn)
 l - a +0 robe of magic resistance
 A - a +1 cloak (worn)
 R - a +1 pair of boots (worn)
 V - the +3 robe "Qasoug" {rN+ Dex+4}
   (You found it on level 3 of the Lair of Beasts)

   It affects your dexterity (+4).
   It protects you from negative energy.
Magical staves
 I - an uncursed staff of wizardry
Rods
 T - a +0 iron rod (10/10)
   (You took it off a hobgoblin on level 10 of the Dungeon)
Jewellery
 e - an uncursed amulet of stasis
 H - a ring of poison resistance (left hand)
 P - a ring of stealth (right hand)
Magical devices
 j - a wand of slowing (2)
 r - a wand of confusion (29)
 s - a wand of flame (18)
 t - a wand of draining (5)
 D - a wand of flame (21)
 J - a wand of paralysis (12)
 Q - a wand of paralysis (9)
 S - a wand of draining (7)
 U - a wand of confusion (32)
Scrolls
 m - 2 scrolls of remove curse
 F - a scroll of identify
 G - a scroll of blinking
 K - a scroll of recharging
 L - 2 scrolls of teleportation
 M - a scroll of fear
 N - 2 scrolls of magic mapping
 W - a scroll of enchant armour
Potions
 a - 2 potions of might
 g - 7 potions of curing
 h - a potion of lignification
 i - 4 potions of resistance
 n - 3 potions of cure mutation
 o - 2 potions of ambrosia
 u - a potion of flight
 v - 4 potions of restore abilities
 x - 2 potions of haste
 z - 3 potions of invisibility
 B - 4 potions of agility
 C - 2 potions of heal wounds
 E - 3 potions of cancellation
 O - 2 potions of brilliance {unknown}
Comestibles
 d - 8 bread rations
 k - 10 meat rations
 p - 4 beef jerkies
 y - 4 slices of pizza
 X - 3 chunks of flesh


   Skills:
 + Level 3.7 Fighting
 + Level 7.8 Dodging
 - Level 2.4 Stealth
 * Level 12.4 Spellcasting
 * Level 8.6 Conjurations
 + Level 6.8 Charms
 - Level 5.0 Summonings
 + Level 5.7 Translocations
 - Level 3.1 Transmutations
 * Level 8.7 Fire Magic
 - Level 3.1 Ice Magic
 - Level 3.8 Air Magic
 * Level 8.3 Earth Magic
 - Level 2.8 Poison Magic
 * Level 7.0 Invocations
 + Level 5.9 Evocations


You had 9 spell levels left.
You knew the following spells:

 Your Spells              Type           Power        Failure   Level  Hunger
a - Magic Dart            Conj           ####         1%          1    None
b - Conjure Flame         Conj/Fire      #######.     1%          3    None
c - Summon Ice Beast      Ice/Summ       ######..     8%          4    None
d - Blink                 Tloc           N/A          1%          2    None
e - Mephitic Cloud        Conj/Pois/Air  ######..     1%          3    None
f - Repel Missiles        Chrm/Air       ######       1%          2    None
g - Call Imp              Summ           ######..     1%          2    None
h - Petrify               Trmt/Erth      ######..     3%          4    None
v - Bolt of Fire          Conj/Fire      #######...   14%         6    ####...


Dungeon Overview and Level Annotations

Branches:
Dungeon (12/15)            Temple (1/1) D:4            Lair (7/8) D:10
 Shoals (0/5) Lair:3          Orc (0/4) D:9
  Snake: Lair:3-6    Spider: Lair:3-6     Slime: Lair:6-8

Altars:
Ashenzari
Cheibriados
Dithmenos
Elyvilon
Fedhas
Gozag
Kikubaaqudgha
Makhleb
Nemelex Xobeh
Okawaru
Qazlal
Ru
Sif Muna
Trog
Vehumet
Xom
Yredelemnul
Zin
The Shining One

Shops:
D:8 [   D:9 }

Annotations:
D:6 Dowan, Duvessa


Message History

Your ice beast stumbles backwards!
Your ice beast hits the fire dragon but does no damage.
The fire dragon breathes flames at you. The blast of flame hits your ice beast.
Your ice beast melts!
Your ice beast dies!
The blast of flame hits you!
Casting: Summon Ice Beast
Confirm with . or Enter, or press ? or * to list all spells.
You feel a surge of power! A chill wind blows around you.
Casting: Summon Ice Beast
Confirm with . or Enter, or press ? or * to list all spells.
You feel a surge of power! A chill wind blows around you.
The fire dragon breathes flames at you. The blast of flame hits your ice beast.
Your ice beast melts!
Your ice beast dies!
The blast of flame hits you!
Ouch! That really hurt!
You die...

................##
###############.#
#.#### #....#
####.# ### ##.#
...#### #..#
......## ######Y##
.......#####.D..@.#
.............######
.........#####
≈.§§...### §≈....##
≈≈..### ####


You could see a fire dragon and a friendly ice beast.

Vanquished Creatures
  Snorg (Lair:5)
  A hydra (Lair:2)
  2 death yaks
  A hill giant (D:10)
  Pikel (D:5)
  An orc knight (D:9)
  An elephant (Lair:3)
  A spiny frog (D:10)
  2 komodo dragons
  2 trolls
  Sonja (D:10)
  A two-headed ogre (D:9)
  2 blink frogs
  A deep elf mage (D:9)
  A basilisk (Lair:3)
  11 yaks
  3 hippogriffs
  2 wyverns
  5 wolves
  2 porcupines
  4 slaves (D:5)
  4 ice beasts
  3 sky beasts
  4 orc warriors
  6 phantoms
  A black bear (D:7)
  8 ogres
  A necrophage (D:8)
  5 centaurs
  8 crocodiles
  16 big kobolds
  12 giant frogs
  3 scorpions
  A water moccasin skeleton (D:8)
  9 killer bees (D:7)
  12 hounds
  2 electric eels (Lair:3)
  6 goliath beetles
  4 crimson imps
  A centaur skeleton (D:9)
  A centaur zombie (D:9)
  A giant frog zombie (D:9)
  2 giant frog skeletons
  8 iguanas
  4 orc priests
  5 jellies
  11 orc wizards
  6 worker ants
  6 sheep (Lair:4)
  A killer bee zombie (D:9)
  Ijyb (D:4)
  A hound zombie (D:10)
  2 hound skeletons
  7 adders
  A worker ant zombie (D:7)
  3 giant mites
  11 gnolls
  3 worms
  A shadow imp (D:8)
  An adder skeleton (D:7)
  6 giant geckos
  2 oozes
  25 orcs
  11 bats
  6 giant cockroaches
  22 hobgoblins
  7 jackals
  33 kobolds
  4 ball pythons
  A giant gecko skeleton (D:4)
  8 giant newts
  12 goblins
  11 quokkas
  2 quokka skeletons (D:8)
  A quokka zombie (D:6)
  21 rats
  7 ballistomycetes (D:10)
407 creatures vanquished.

Vanquished Creatures (collateral kills)
  A hydra (Lair:2)
  A hill giant (D:10)
  A griffon (Lair:3)
  4 elephants
  3 black mambas
  2 gargoyles (D:10)
  8 spiny frogs
  A fire drake (Lair:4)
  A wyvern (D:10)
  4 blink frogs
  A hungry ghost (D:10)
  A hippogriff (Lair:3)
  An orc warrior (D:10)
  A water moccasin (Lair:1)
  An ogre (D:10)
  2 giant frogs
  A crocodile (Lair:3)
  3 killer bees (D:7)
  An iguana (Lair:4)
  5 river rats (Lair:4)
  2 orcs
  A goblin (D:1)
  2 jackals (D:3)
  A giant cockroach (D:1)
49 creatures vanquished.

Vanquished Creatures (others)
  17 ice beasts
  A crocodile (Lair:2)
  An adder (Lair:2)
  2 giant spores (D:10)
  A ballistomycete (D:10)
  3 fungi
  A plant (Lair:3)
26 creatures vanquished.

Grand Total: 482 creatures vanquished

Notes
Turn   | Place    | Note
--------------------------------------------------------------
     0 | D:1      | faibistes, the Deep Elf Wizard, began the quest for the Orb.
     0 | D:1      | Reached XP level 1. HP: 10/10 MP: 6/6
   302 | D:2      | Reached XP level 2. HP: 12/15 MP: 2/10
   310 | D:2      | Learned a level 2 spell: Blink
   313 | D:2      | Learned a level 2 spell: Call Imp
   474 | D:1      | Reached skill level 5 in Spellcasting
   884 | D:2      | Reached XP level 3. HP: 11/19 MP: 6/14
   943 | D:2      | Learned a level 3 spell: Conjure Flame
   947 | D:2      | Learned a level 3 spell: Mephitic Cloud
  1931 | D:2      | Learned a level 2 spell: Repel Missiles
  2054 | D:2      | Reached XP level 4. HP: 24/24 MP: 12/17
  2231 | D:2      | Found an iron altar of Okawaru.
  2234 | D:2      | Found a glowing silver altar of Zin.
  2237 | D:2      | Found a shadowy altar of Dithmenos.
  2639 | D:3      | Reached skill level 6 in Spellcasting
  2884 | D:4      | Noticed a centaur
  2965 | D:4      | Killed a centaur
  2965 | D:4      | Reached XP level 5. HP: 7/28 MP: 2/21
  3123 | D:4      | Noticed an ogre
  3133 | D:4      | Killed an ogre
  3133 | D:4      | Reached skill level 7 in Spellcasting
  3133 | D:4      | Reached XP level 6. HP: 25/32 MP: 3/23
  3505 | D:3      | Found a blossoming altar of Fedhas.
  3740 | D:4      | Noticed an ogre
  3766 | D:4      | Killed an ogre
  3950 | D:5      | Entered Level 5 of the Dungeon
  3968 | D:4      | Found a staircase to the Ecumenical Temple.
  3983 | Temple   | Entered the Ecumenical Temple
  4024 | Temple   | Became a worshipper of Sif Muna the Loreminder
  4067 | D:5      | Found a glowing drain.
  4375 | D:4      | Reached XP level 7. HP: 30/36 MP: 2/25
  4502 | D:4      | Noticed Ijyb
  4515 | D:4      | Killed Ijyb
  4638 | D:4      | Learned a level 4 spell: Summon Ice Beast
  4643 | D:4      | Learned a level 4 spell: Petrify
  4680 | D:4      | Found a burning altar of Makhleb.
  4681 | D:4      | Found a sacrificial altar of Ru.
  4683 | D:4      | Found an opulent altar of Gozag.
  4686 | D:4      | Found a white marble altar of Elyvilon.
  4686 | D:4      | Found an ancient bone altar of Kikubaaqudgha.
  4687 | D:4      | Found a radiant altar of Vehumet.
  4691 | D:4      | Found a shattered altar of Ashenzari.
  4874 | D:5      | Noticed Pikel
  4909 | D:5      | Reached skill level 1 in Air Magic
  4956 | D:5      | Killed Pikel
  4956 | D:5      | Acquired Sif Muna's first power
  4956 | D:5      | Reached skill level 8 in Spellcasting
  4956 | D:5      | Reached skill level 1 in Ice Magic
  4956 | D:5      | Reached skill level 1 in Earth Magic
  4956 | D:5      | Reached skill level 1 in Poison Magic
  4956 | D:5      | Reached XP level 8. HP: 26/41 MP: 6/27
  5391 | D:5      | You fall through a shaft for 2 floors!
  5458 | D:6      | Noticed Duvessa
  5458 | D:6      | Noticed Dowan
  5623 | D:6      | Acquired Sif Muna's second power
  5791 | D:7      | Reached skill level 5 in Conjurations
  6031 | D:5      | Reached skill level 5 in Dodging
  6337 | D:7      | Reached skill level 9 in Spellcasting
  6756 | D:6      | Reached XP level 9. HP: 45/45 MP: 12/29
  8109 | D:7      | Found a snail-covered altar of Cheibriados.
  8145 | D:7      | Reached skill level 1 in Evocations
  8614 | D:7      | Reached skill level 1 in Charms
  8614 | D:7      | Reached skill level 1 in Invocations
  8834 | D:7      | Acquired Sif Muna's third power
  8847 | D:7      | Reached skill level 1 in Fighting
  9239 | D:7      | Reached skill level 1 in Transmutations
  9276 | D:7      | Reached XP level 10. HP: 47/52 MP: 20/31
  9796 | D:7      | Reached skill level 5 in Summonings
 10255 | D:8      | Reached skill level 10 in Spellcasting
 10800 | D:8      | Reached skill level 5 in Earth Magic
 10835 | D:8      | Reached skill level 5 in Fire Magic
 11387 | D:8      | Found Luwkoint's Armour Shoppe.
 11393 | D:8      | Bought a +2 robe of the Archmagi for 414 gold pieces
 12149 | D:10     | Entered Level 10 of the Dungeon
 12440 | D:9      | Found a staircase to the Orcish Mines.
 12713 | D:9      | Noticed an orc knight
 12743 | D:9      | Killed an orc knight
 12743 | D:9      | Reached XP level 11. HP: 33/57 MP: 11/32
 13294 | D:9      | Found Izeevam's Gadget Shop.
 13633 | D:10     | Noticed Sonja
 13701 | D:10     | Killed Sonja
 13815 | D:10     | Reached skill level 11 in Spellcasting
 14091 | D:10     | Noticed a death yak
 14269 | D:10     | Killed a death yak
 14409 | D:10     | Found a staircase to the Lair.
 14737 | D:10     | Noticed a hill giant
 14750 | D:10     | Killed a hill giant
 15697 | D:10     | Noticed a hill giant
 15703 | D:10     | Killed a hill giant
 16018 | D:10     | Reached skill level 5 in Invocations
 16069 | D:10     | Reached skill level 5 in Charms
 16209 | Lair:1   | Entered Level 1 of the Lair of Beasts
 17059 | Lair:2   | Received a gift from Sif Muna
 17059 | Lair:2   | Reached skill level 12 in Spellcasting
 17059 | Lair:2   | Reached skill level 5 in Translocations
 17059 | Lair:2   | Reached skill level 5 in Evocations
 17059 | Lair:2   | Reached XP level 12. HP: 50/64 MP: 15/35
 17060 | Lair:2   | Identified Sif Muna's Compendium of Scorching Combat Magic (Sif Muna gifted it to you on level 2 of the Lair of Beasts)
 17983 | Lair:3   | Reached XP level 13. HP: 68/68 MP: 22/35
 18251 | Lair:2   | Noticed a four-headed hydra
 18258 | Lair:2   | Killed a four-headed hydra
 18985 | Lair:3   | Found a staircase to the Shoals.
 19154 | Lair:3   | Got a faintly glowing robe
 19165 | Lair:3   | Identified the +3 robe "Qasoug" {rN+ Dex+4} (You found it on level 3 of the Lair of Beasts)
 19892 | Lair:2   | Learned a level 6 spell: Bolt of Fire
 21851 | Lair:5   | Noticed Snorg
 21855 | Lair:5   | Killed Snorg
 21992 | Lair:5   | Killed from afar by a fire dragon

Action                   |  1- 3 |  4- 6 |  7- 9 | 10-12 | 13-15 || total
-------------------------+-------+-------+-------+-------+-------++-------
Melee: Dagger            |       |    14 |    87 |   378 |    53 ||   532
 Cast: Magic Dart        |    96 |   140 |   334 |   307 |   100 ||   977
       Call Imp          |     2 |     3 |       |       |       ||     5
       Repel Missiles    |     1 |     1 |     1 |     1 |       ||     4
       Mephitic Cloud    |       |    11 |    31 |    58 |    14 ||   114
       Conjure Flame     |       |     2 |    40 |    72 |    21 ||   135
       Blink             |       |     1 |     2 |    11 |     2 ||    16
       Summon Ice Beast  |       |       |     1 |    53 |    43 ||    97
       Petrify           |       |       |       |     1 |     1 ||     2
       Bolt of Fire      |       |       |       |       |    10 ||    10
Invok: Channel Energy    |       |       |       |     2 |     4 ||     6
  Use: Scroll            |       |     5 |     9 |    14 |     2 ||    30
       Potion            |       |       |       |     2 |       ||     2
 Stab: Sleeping          |       |     1 |       |       |     1 ||     2
       Confused          |       |       |     6 |    13 |     3 ||    22
  Eat: Chunk             |     3 |     7 |    15 |    26 |    13 ||    64
       Beef jerky        |       |       |       |     1 |     1 ||     2
